 Dungeon Crawl Stone Soup version 0.27.1-2-g3b301248ec (webtiles) character file.

Game seed: 11130600921593820064

2547 Metae the Skirmisher (level 9, -6/79 HPs)
             Began as a Hill Orc Fighter on Sept 24, 2021.
             Was a Follower of Beogh.
             Mangled by a hornet (11 damage)
             ... on level 7 of the Dungeon.
             The game lasted 00:18:35 (6747 turns).

Metae the Skirmisher (Hill Orc Fighter)             Turns: 6747, Time: 00:18:35

Health: -6/79      AC: 12    Str: 22    XL:     9   Next: 56%
Magic:  12/12      EV:  9    Int:  8    God:    Beogh [*.....]
Gold:   315        SH: 15    Dex: 10    Spells: 8/8 levels left

rFire    . . .     SeeInvis .   q - +5 flail (holy)
rCold    . . .     Faith    .   c - +0 kite shield
rNeg     . . .     Spirit   .   h - +2 ring mail {rPois}
rPois    +         Reflect  +   s - +0 helmet
rElec    .         Harm     .   (no cloak)
rCorr    .         Rampage  .   (no gloves)
Will     .....                  m - +1 pair of boots
Stlth    ..........             o - amulet of reflection
HPRegen  0.23/turn              (no ring)
MPRegen  0.13/turn              (no ring)

@: attractive, slowed, very slow
A: no striking features
a: Renounce Religion


You were on level 7 of the Dungeon.
You worshipped Beogh.
Beogh was aware of your devotion.
You visited 1 branch of the dungeon, and saw 7 of its levels.

You collected 315 gold pieces.

Inventory:

Hand Weapons
 a - a +0 war axe
 q - a +5 flail of holy wrath (weapon)
 t - a +2 hand crossbow of freezing
 z - a +4 mace
 E - a +4 spear
Missiles
 u - 52 bolts
Armour
 c - a +0 kite shield (worn)
 h - a +2 ring mail of poison resistance (worn)
 l - a +0 chain mail
 m - a +1 pair of boots (worn)
 s - a +0 helmet (worn)
Jewellery
 j - a ring of magical power
 o - an amulet of reflection (around neck)
 v - a ring of fire
Wands
 n - a wand of iceblast (9)
Scrolls
 b - a scroll of fog {unknown}
 f - 2 scrolls of brand weapon
 g - 3 scrolls of magic mapping {unknown}
 i - 2 scrolls of teleportation
 w - 2 scrolls of blinking
 y - a scroll of amnesia {unknown}
 B - a scroll of enchant armour {unknown}
 C - 2 scrolls of vulnerability
 D - 2 scrolls of summoning {unknown}
Potions
 d - 2 potions of curing {unknown}
 e - 2 potions of haste {unknown}
 p - a potion of attraction
 r - a potion of degeneration {unknown}
 x - a potion of brilliance {unknown}
 A - a potion of magic {unknown}


   Skills:
 + Level 7.4 Fighting
 - Level 4.9(6.2) Axes
 + Level 4.7(5.4) Maces & Flails
 + Level 6.7 Armour
 + Level 6.8 Shields
 + Level 5.0 Invocations
 + Level 4.8 Evocations


You had 8 spell levels left.
You didn't know any spells.
Your spell library contained the following spells:

 Spells                   Type           Power      Damage    Failure   Level
 Freeze                   Ice            0%         1d3       88%         1
 Magic Dart               Conj           0%         1d3       88%         1
 Sting                    Tmut/Pois      0%         1d3       88%         1
 Poisonous Vapours        Pois/Air       0%         N/A       96%         2
 Searing Ray              Conj           0%         3d3       96%         2
 Conjure Flame            Conj/Fire      0%         6-21      99%         3
 Frozen Ramparts          Ice            0%         1d2       99%         3
 Ignite Poison            Fire/Tmut/Pois 0%         N/A       99%         3
 Fulminant Prism          Conj/Hex       0%         3d6       100%        4
 Hailstorm                Conj/Ice       0%         3d3       100%        4
 Olgreb's Toxic Radiance  Pois           0%         N/A       100%        4
 Sticky Flame             Conj/Fire      0%         2d3       100%        4


Dungeon Overview and Level Annotations

Branches:
Dungeon (7/15)             Temple (0/1) D:7

Altars:
Hepliaklqana
Ru
Sif Muna
Zin


Message History

The hornet is heavily wounded.
The hornet stings you!
You closely miss the hornet.
The hornet is heavily wounded.
The hornet closely misses you. x2; You block the hornet's attack.
You closely miss the hornet.
The hornet is heavily wounded.
You block the hornet's attack.
Your ring mail prevents you from hitting the hornet.
The hornet is heavily wounded.
You block the hornet's attack.
The hornet stings you but does no damage.
You hit the hornet.
The hornet is heavily wounded.
The hornet stings you! The hornet stings you.
You hit the hornet.
The hornet is severely wounded.
The hornet misses you. You block the hornet's attack.
You closely miss the hornet.
The hornet is severely wounded.
The hornet stings you but does no damage.
The hornet stings you!
You closely miss the hornet.
The hornet is severely wounded.
The hornet stings you!
* * * LOW HITPOINT WARNING * * *
The hornet stings you!
* * * LOW HITPOINT WARNING * * *
You feel yourself slow down.
You hit the hornet.
The hornet is severely wounded.
The hornet stings you!
* * * LOW HITPOINT WARNING * * *
You feel as though you will be slow longer.
You block the hornet's attack. x2
It was a potion of attraction.
You feel attractive to monsters.
The hornet stings you but does no damage.
The hornet stings you!
You die...

# # # #### ######+####
...# #.+.......
...#### ####.#.#...#
..##..###....#.#._.#
#..#....#....#.#...#.#
###....#.###.'.y@....+
#.###...#######+####
####y...# #...## #
y##.. . .. #..# . .#
.... . ## .... #


You could see a hornet.

Vanquished Creatures
  Pikel (D:5)
  A troll (D:6)
  Edmund (D:4)
  Duvessa (D:4)
  An ice beast (D:6)
  An ogre (D:6)
  A necrophage (D:4)
  A phantom (D:4)
  A bullfrog (D:6)
  2 scorpions
  A wyvern zombie (D:6)
  Dowan (D:4)
  2 water moccasin zombies
  A howler monkey (D:4)
  8 wights
  A bullfrog zombie (D:6)
  A centaur zombie (D:6)
  2 hounds
  A centaur skeleton (D:5)
  3 jellies
  4 iguanas
  A hound skeleton (D:4)
  Robin (D:4)
  A howler monkey zombie (D:6)
  8 adders
  An adder skeleton (D:4)
  4 worms
  A dart slug (D:2)
  3 orcs (D:4)
  9 ball pythons
  9 bats
  9 endoplasms
  3 giant cockroaches
  12 goblins
  10 hobgoblins
  5 quokkas
  2 frilled lizards
  7 kobolds
  5 rats
127 creatures vanquished.

Vanquished Creatures (others)
  An adder (D:4)
1 creature vanquished.

Grand Total: 128 creatures vanquished

Notes
Turn   | Place    | Note
-------+----------+-------------------------------------------
     0 | D:1      | Metae the Hill Orc Fighter began the quest for the Orb.
     0 | D:1      | Reached XP level 1. HP: 19/19 MP: 1/1
   107 | D:1      | Reached XP level 2. HP: 27/27 MP: 2/2
   675 | D:1      | Found a faded altar of an unknown god.
   878 | D:1      | Reached skill level 4 in Fighting
   972 | D:1      | Reached XP level 3. HP: 33/33 MP: 3/3
  1474 | D:2      | Reached XP level 4. HP: 10/41 MP: 4/4
  2220 | D:3      | Reached XP level 5. HP: 45/47 MP: 5/5
  2453 | D:3      | You fall into a shaft and drop 3 floors!
  2459 | D:5      | Entered Level 5 of the Dungeon
  2529 | D:5      | Reached skill level 1 in Evocations
  2594 | D:4      | Reached XP level 6. HP: 41/55 MP: 6/6
  2673 | D:4      | Noticed Edmund
  2683 | D:4      | Killed Edmund
  2684 | D:4      | Reached skill level 5 in Fighting
  2919 | D:4      | Noticed Robin
  2927 | D:4      | Killed Robin
  3095 | D:4      | Became a worshipper of Beogh the Brigand
  3112 | D:4      | Reached skill level 1 in Maces & Flails
  3112 | D:4      | Reached XP level 7. HP: 60/61 MP: 7/7
  3298 | D:4      | Reached skill level 5 in Shields
  3403 | D:4      | Noticed Duvessa
  3403 | D:4      | Noticed Dowan
  3559 | D:4      | Reached skill level 5 in Armour
  3674 | D:4      | Reached skill level 1 in Invocations
  3942 | D:4      | Killed Duvessa
  3943 | D:4      | Reached skill level 6 in Fighting
  3943 | D:4      | Reached XP level 8. HP: 65/70 MP: 9/9
  3950 | D:4      | Killed Dowan
  4402 | D:5      | Found a sacrificial altar of Ru.
  4413 | D:5      | Found a glowing silver altar of Zin.
  4934 | D:5      | Noticed Pikel
  4957 | D:5      | Killed Pikel
  4958 | D:5      | Reached XP level 9. HP: 52/78 MP: 11/11
  5289 | D:6      | Reached * piety under Beogh
  5318 | D:6      | Reached skill level 7 in Fighting
  5510 | D:6      | Noticed a troll
  5522 | D:6      | Killed a troll
  5679 | D:6      | Found a shimmering blue altar of Sif Muna.
  5926 | D:6      | Reached skill level 5 in Invocations
  6016 | D:7      | Found a staircase to the Ecumenical Temple.
  6143 | D:7      | Noticed a hornet
  6717 | D:7      | Noticed a hornet
  6725 | D:7      | Found a hazy altar of Hepliaklqana.
  6747 | D:7      | Mangled by a hornet

Illustrated notes

Levels and vault maps discovered:
D:1:      lemuel_arrival_funnel, layout_basic, shapermc_ecumenical_altar_ellora,
          minmay_misc_feat_secret_circle, skrybe_limestone_x
D:2:      layout_basic
D:3:      layout_basic, grunt_decor_one_mirror
D:4:      layout_basic, hangedman_feature_mirror, minmay_small_thing,
          uniq_robin, uniq_edmund, uniq_duvessa
D:5:      layout_basic, mainiacjoe_overflow_catwalk_spiral, uniq_pikel
D:6:      layout_rooms, mainiacjoe_overflow_chevrons, portal_sewer_entry_b
D:7:      layout_layer_cave, mainiacjoe_overflow_six_doors_small,
          dancing_weapons_uskayaw, minmay_temple_entry_statues_pillars,
          corner_web_ring, kennysheep_donut, uniq_harold,
          uniq_crazy_yiuf_cottage, uniq_menkaure

Skill      XL: |  1  2  3  4  5  6  7  8  9 |
---------------+----------------------------+-----
Axes           | 3 4 |  4.9
Fighting       | 4 5 6 7 |  7.4
Armour         | 4 5 6 |  6.7
Shields        | 4 5 6 |  6.8
Evocations     | 1 2 4 |  4.8
Maces & Flails | 1 2 3 4 |  4.7
Invocations    | 1 3 5 |  5.0

Action                   |  1- 3 |  4- 6 |  7- 9 || total
-------------------------+-------+-------+-------++-------
Melee: War axe           |    80 |    83 |       ||   163
       Flail             |       |    49 |   203 ||   252
Invok: Convert to Beogh  |       |     1 |       ||     1
  Use: Potion            |       |     1 |     1 ||     2
       Scroll            |       |       |     5 ||     5
Armor: Scale mail        |    29 |       |       ||    29
       Ring mail         |    32 |    72 |    89 ||   193
Dodge: Dodged            |    35 |    45 |    63 ||   143
Block: Kite shield       |    61 |    92 |   195 ||   348
       Reflection        |       |       |     2 ||     2
